Map: Newkirk Precinct TE (Void)

Players

QuadIQ - Winner!

  • Race: Zerg Zerg
  • League: Diamond
  • Spawn Location: 5:00

Musumeci

  • Race: Zerg Zerg
  • League: Diamond
  • Spawn Location: 7:00

VOD

Have the link to the VOD?

Description

Time

  • Played on: Dec. 28, 2016, 4:01 p.m.
  • Length: 18:15
Show
View Real Time Build Order
Export as new Build Order

QuadIQ Zerg - Winner!

Build Orders: Hatch First 

Get SALT Encoding   

  12  0:01  Drone  
  13  0:14  Overlord  
  13  0:19  Drone  
  14  0:31  Drone, Extractor  
  14  0:33  Drone  
  16  0:39  Drone  
  17  0:58  Hatchery  
  17  1:01  Drone  
  17  1:04  Drone  
  18  1:15  Extractor  
  18  1:16  Drone  
  18  1:29  Extractor  
  18  1:34  Spawning Pool, Drone  
  18  1:35  Drone  
  19  1:43  Drone  
  20  1:57  Drone  
  21  2:05  Overlord  
  21  2:13  Drone x2  
  23  2:21  Queen x2  
  27  2:23  Drone  
  27  2:26  Zergling x2  
  29  2:35  Zergling x2  
  29  2:36  Zergling x2  
  31  2:37  Metabolic Boost  
  31  2:46  Spine Crawler  
  31  2:47  Drone x2  
  32  2:54  Drone  
  33  3:00  Queen  
  33  3:02  Drone  
  36  3:11  Drone, Baneling Nest  
  36  3:12  Overlord  
  36  3:22  Overlord  
  35  3:34  Drone x5  
  35  3:35  Drone x3  
  43  3:42  Overlord  
  43  3:52  Zergling x4  
  43  3:54  Baneling x2  
  43  4:10  Zergling x18  
  52  4:18  Lair  
  52  4:20  Extractor  
  51  4:37  Drone x4  
  55  4:43  Drone x2  
  52  4:47  Extractor  
  52  4:50  Extractor  
  50  5:06  Drone x8  
  58  5:13  Extractor  
  57  5:18  Zergling x6  
  60  5:24  Overlord x2  
  60  5:32  Hatchery  
  58  5:37  Spire  
  58  5:39  Drone x2  
  59  5:56  Drone x7  
  66  6:13  Drone, Spore Crawler  
  66  6:14  Drone x2  
  67  6:28  Spore Crawler  
  65  6:34  Drone x4  
  66  6:48  Mutalisk x3  
  66  6:49  Mutalisk x5  
  82  6:57  Spore Crawler  
  82  6:58  Spore Crawler  
  80  7:05  Drone x2  
  80  7:06  Drone, Spore Crawler x2  
  80  7:07  Drone  
  82  7:18  Overlord  
  82  7:21  Extractor  
  82  7:22  Extractor  
  80  7:25  Drone x2  
  80  7:26  Drone, Overlord, Spore Crawler  
  80  7:27  Overlord  
  82  7:31  Spine Crawler  
  69  7:45  Zergling x10  
  69  7:46  Zergling x10  
  79  7:53  Spore Crawler  
  78  8:00  Spore Crawler  
  78  8:04  Spore Crawler  
  76  8:10  Mutalisk  
  76  8:11  Mutalisk x6  
  90  8:13  Zerg Flyer Armor Level 1  
  90  8:16  Spore Crawler  
  81  8:28  Mutalisk x3  
  81  8:30  Drone x4  
  81  8:31  Drone  
  92  8:36  Zergling x6  
  95  8:44  Mutalisk x2  
  99  9:05  Zergling x2  
  99  9:06  Zergling x10  
  105  9:14  Hatchery, Overlord  
  93  9:30  Mutalisk x3  
  93  9:31  Mutalisk x3  
  99  9:36  Queen  
  107  9:52  Mutalisk x3  
  111  9:53  Overlord  
  113  10:07  Spore Crawler  
  113  10:09  Mutalisk  
  113  10:11  Overlord x2  
  114  10:18  Zerg Flyer Armor Level 2  
  115  10:28  Drone x9  
  123  10:36  Queen  
  125  10:47  Spore Crawler  
  124  10:50  Hydralisk Den  
  124  10:55  Mutalisk x3, Evolution Chamber x2  
  127  10:57  Mutalisk  
  122  11:08  Zergling x2  
  122  11:09  Zergling x12  
  129  11:17  Drone x4  
  129  11:18  Drone  
  134  11:36  Drone x10  
  144  11:43  Spore Crawler  
  143  11:47  Spore Crawler  
  136  12:00  Mutalisk  
  136  12:01  Mutalisk x5  
  132  12:02  Mutalisk  
  132  12:05  Mutalisk  
  125  12:11  Mutalisk x2  
  125  12:14  Zerg Missile Weapons Level 1  
  128  12:20  Zergling x2  
  128  12:21  Zergling x8  
  128  12:22  Zergling x2  
  128  12:34  Drone x8  
  132  12:50  Zergling x2  
  132  12:51  Zergling x14  
  131  13:03  Zergling x8  
  125  13:16  Muscular Augments  
  123  13:22  Zerg Ground Armor Level 1  
  115  13:28  Queen, Lair  
  116  13:34  Spine Crawler, Extractor  
  116  13:35  Spine Crawler  
  116  13:38  Spine Crawler  
  116  13:39  Spine Crawler, Hydralisk  
  116  13:40  Hydralisk x6  
  125  14:05  Hydralisk x7  
  125  14:06  Hydralisk  
  138  14:15  Queen  
  138  14:16  Spine Crawler  
  135  14:32  Zergling x4  
  135  14:33  Zergling x12  
  141  14:48  Hydralisk  
  141  14:50  Overlord  
  141  14:51  Overlord x2  
  141  14:52  Zerg Missile Weapons Level 2  
  143  14:59  Infestation Pit  
  137  15:10  Hydralisk  
  137  15:11  Hydralisk x6  
  137  15:13  Hydralisk  
  147  15:22  Infestation Pit  
  146  15:34  Zerg Ground Armor Level 2  
  143  15:38  Hydralisk  
  143  15:39  Hydralisk x4  
  138  15:54  Zergling x14  
  138  15:55  Zergling x2  
  145  16:00  Queen  
  147  16:21  Hatchery  
  146  16:29  Drone x11  
  146  16:31  Drone  
  153  16:58  Zergling x14  
  153  16:59  Zergling x16  
  168  17:04  Overseer  
  168  17:05  Overseer x2  
  154  17:24  Zergling x2  
  154  17:25  Zergling x20  
Show
View Real Time Build Order
Export as new Build Order

Musumeci Zerg 

Build Orders: Hatch First 

Get SALT Encoding   

  12  0:00  Drone  
  13  0:08  Drone  
  14  0:17  Overlord  
  14  0:25  Drone, Extractor  
  15  0:36  Drone x2  
  17  1:04  Hatchery  
  16  1:10  Spawning Pool  
  15  1:14  Drone, Extractor  
  15  1:23  Evolution Chamber  
  15  1:24  Drone  
  15  1:28  Drone  
  15  1:32  Drone  
  17  1:38  Drone  
  19  2:05  Queen  
  19  2:08  Drone  
  22  2:10  Overlord  
  22  2:15  Queen  
  22  2:17  Metabolic Boost  
  22  2:18  Drone  
  25  2:25  Drone  
  25  2:26  Drone  
  25  2:29  Drone  
  28  2:32  Drone  
  29  2:41  Baneling Nest  
  29  2:43  Zergling x2  
  29  2:55  Drone x3  
  32  3:00  Zergling x2  
  33  3:11  Overlord x2  
  33  3:45  Drone x8  
  41  3:59  Evolution Chamber  
  41  4:00  Evolution Chamber  
  39  4:03  Hatchery  
  38  4:23  Baneling x2  
  37  4:24  Drone  
  37  4:25  Drone x5  
  37  4:27  Lair  
  37  4:29  Extractor  
  42  4:33  Extractor x2  
  40  4:41  Zergling x2  
  40  4:42  Zergling x2  
  41  4:47  Evolution Chamber  
  41  4:48  Evolution Chamber, Zergling x4  
  41  4:51  Spine Crawler  
  40  4:57  Zergling x6  
  43  5:31  Drone  
  43  5:32  Overlord  
  43  5:33  Overlord x3  
  44  5:41  Baneling x3  
  44  5:51  Drone x5  
  44  5:55  Spire  
  48  6:15  Drone x7  
  48  6:57  Overlord x2  
  48  7:08  Mutalisk  
  48  7:09  Mutalisk x6  
  48  7:10  Hatchery  
  61  7:21  Mutalisk  
  63  7:25  Zergling x2  
  63  7:26  Zergling x12  
  70  7:46  Hatchery  
  70  7:47  Baneling x4  
  69  7:53  Mutalisk x7  
  69  7:54  Mutalisk  
  85  7:59  Drone  
  85  8:00  Drone x2  
  85  8:02  Baneling x2  
  80  8:34  Mutalisk x4  
  88  8:43  Extractor  
  88  8:46  Extractor  
  86  8:52  Overlord x2  
  86  8:53  Overlord x5  
  73  9:26  Burrow  
  73  9:29  Infestation Pit  
  73  9:31  Hydralisk Den  
  71  9:32  Spore Crawler  
  71  9:33  Zergling x16  
  71  9:35  Spore Crawler x2  
  71  9:36  Drone x3  
  71  9:37  Spore Crawler  
  78  9:40  Spore Crawler  
  78  9:41  Spore Crawler x2  
  78  9:42  Spore Crawler  
  74  9:51  Spore Crawler  
  74  9:52  Spore Crawler x2  
  72  9:56  Baneling x3  
  72  9:57  Drone x3  
  72  9:58  Drone x2  
  72  9:59  Drone x2  
  78  10:00  Drone  
  79  10:08  Pathogen Glands  
  79  10:13  Drone x3  
  82  10:16  Baneling x3  
  82  10:35  Infestor x4  
  82  10:36  Infestor  
  82  10:42  Baneling x2  
  92  10:43  Drone  
  92  10:44  Drone x9  
  98  11:31  Muscular Augments  
  98  11:47  Drone  
  98  11:48  Drone x5  
  88  12:11  Infestor  
  88  12:12  Infestor x5  
  100  12:19  Infestor x2  
  96  12:26  Drone x3  
  96  12:27  Extractor  
  96  12:29  Drone  
  49  13:22  Mutalisk x4  
  49  13:23  Mutalisk x8  
  73  13:27  Zergling x18  
  73  13:28  Zergling x2  
  73  13:30  Baneling  
  83  13:47  Mutalisk  
  85  13:48  Hatchery  
  84  13:58  Hatchery  
  82  14:17  Zergling x2  
  82  14:18  Zergling x20  
  90  14:42  Extractor  
  80  15:15  Mutalisk x7  
  60  16:01  Mutalisk x2  
  60  16:02  Mutalisk x2  
  68  16:08  Drone x2  
  68  16:09  Drone, Extractor  
  70  16:21  Drone  
Tags
 
Add a new tag
Caveats
  • Supply blocks, unpowered buildings, or Contaminate may cause inaccurate times.
  • Supply counts are checked every 10 seconds.